 Dungeon Crawl Stone Soup version 0.18.1-8-gdd0e5ea (webtiles) character file.

131 deorigin the Changer (level 5, -3/37 HPs)
             Began as a Merfolk Transmuter on May 26, 2016.
             Was an Initiate of Fedhas.
             Slain by an orc
             ... wielding a +0 flail
              (10 damage)
             ... on level 3 of the Dungeon.
             The game lasted 00:07:42 (2994 turns).

deorigin the Changer (Merfolk Transmuter)           Turns: 2994, Time: 00:07:43

Health: -3/37      AC:  4    Str: 10    XL:     5   Next: 14%
Magic:  6/8        EV: 13    Int: 14    God:    Fedhas [......]
Gold:   29         SH:  0    Dex: 14    Spells: 3 memorised, 2 levels left

rFire  . . .     SeeInvis .       - Unarmed
rCold  . . .     Gourm    .     b - +0 robe
rNeg   . . .     Faith    .     (no shield)
rPois  +         Spirit   .     (no helmet)
rElec  .         Dismiss  .     j - +1 cloak {rPois}
rCorr  .         Reflect  .     (no gloves)
SustAt .         Harm     .     (no boots)
MR     .....                    (no amulet)
Stlth  +.........               (no ring)
                                (no ring)

@: appendage, not resistant to hostile enchantments, very unstealthy
A: change form in water, swift swim, horns 2
a: End Transformation, Renounce Religion


You were on level 3 of the Dungeon.
You worshipped Fedhas.
Fedhas was noncommittal.
You were very hungry.
You had grown temporary horns.
You visited 1 branch of the dungeon, and saw 3 of its levels.

You collected 29 gold pieces.

Inventory:

Missiles
 a - 51 arrows
Armour
 b - a +0 robe (worn)
 j - a +1 cloak of poison resistance (worn)
 n - a +0 ring mail
 t - a cursed +0 ring mail
Scrolls
 g - 4 scrolls of identify {unknown}
 i - a scroll of teleportation {unknown}
 k - a scroll of enchant armour {unknown}
 l - 2 scrolls of recharging {unknown}
 r - 2 scrolls of blinking {unknown}
 s - a scroll of immolation {unknown}
Potions
 e - 2 potions of lignification {unknown}
 o - a potion of heal wounds {unknown}
 p - a potion of curing {unknown}
 q - a potion of cancellation {unknown}
Books
 c - a book of Changes

   Spells                             Type                      Level
   a - Beastly Appendage              Transmutation                1
   b - Sticks to Snakes               Transmutation                2
   c - Spider Form                    Transmutation/Poison         3
   d - Ice Form                       Ice/Transmutation            4
   e - Blade Hands                    Transmutation                5
Comestibles
 d - 2 bread rations
 f - 3 slices of pizza
 h - 3 meat rations
 m - 4 fruits


   Skills:
 - Level 1.1 Fighting
 - Level 2.6 Dodging
 - Level 3.2 Unarmed Combat
 - Level 2.0 Spellcasting
 + Level 6.3 Transmutations
 * Level 1.8 Poison Magic


You had 2 spell levels left.
You knew the following spells:

 Your Spells              Type           Power        Failure   Level  Hunger
a - Beastly Appendage     Trmt           ###...       1%          1    ##.....
b - Sticks to Snakes      Trmt           ###.....     2%          2    ###....
c - Spider Form           Trmt/Pois      ##........   14%         3    ####...


Dungeon Overview and Level Annotations

Branches:
Dungeon (3/15)

Altars:
Elyvilon
Fedhas
Okawaru
Pakellas
Qazlal
Ru


Innate Abilities, Weirdness & Mutations

You revert to your normal form in water.
You are very nimble and swift while swimming.
You have a pair of horns on your head.


Message History

Confirm with . or Enter, or press ? or * to list all spells.
You grow a pair of large bovine horns.
You hit the orc.
The orc is severely wounded.
You hit the orc.
You kill the orc!
You hit the orc priest but do no damage.
The orc priest is almost dead.
You are feeling very hungry.
The orc priest hits you.
* * * LOW HITPOINT WARNING * * *
You hit the orc priest.
You kill the orc priest!
You have reached level 5!
You feel clever.
You hit the orc. Your headbutt misses the orc.
The orc is moderately wounded.
The orc hits you with a flail!
You die...
Fedhas appreciates your contribution to the ecosystem.

####### #..รท...
############.#####
#.................
#.#####.##########
#.# #.# #.# #.#
#.# #.# #@# #.#
#o# #.# #o# #.#
#.# #.# #.# #.#
... ...


You could see 2 orcs.

Vanquished Creatures
  An orc priest (D:3)
  Crazy Yiuf (D:2)
  An adder (D:3)
  An ooze (D:2)
  4 dart slugs
  2 giant geckos (D:2)
  An orc (D:3)
  A giant cockroach (D:2)
  8 goblins
  8 hobgoblins
  2 jackals (D:1)
  5 bats
  3 giant newts (D:1)
  8 kobolds
  6 rats
52 creatures vanquished.

Vanquished Creatures (others)
  14 toadstools
14 creatures vanquished.

Grand Total: 66 creatures vanquished

Notes
Turn   | Place    | Note
--------------------------------------------------------------
     0 | D:1      | deorigin the Merfolk Transmuter began the quest for the Orb.
     0 | D:1      | Reached XP level 1. HP: 15/15 MP: 3/3
    51 | D:1      | Reached skill level 3 in Transmutations
   209 | D:1      | Reached XP level 2. HP: 21/21 MP: 3/5
   676 | D:1      | Reached skill level 4 in Transmutations
   978 | D:1      | Learned a level 2 spell: Sticks to Snakes
  1085 | D:1      | Reached XP level 3. HP: 26/26 MP: 4/6
  1397 | D:2      | Reached skill level 5 in Transmutations
  1498 | D:2      | Found a sacrificial altar of Ru.
  1609 | D:2      | Found a blossoming altar of Fedhas.
  1630 | D:2      | Found a stormy altar of Qazlal.
  1640 | D:2      | Became a worshipper of Fedhas Madash
  1716 | D:2      | Found an iron altar of Okawaru.
  2072 | D:2      | Reached XP level 4. HP: 28/32 MP: 7/7
  2077 | D:2      | Learned a level 3 spell: Spider Form
  2435 | D:2      | Found an oddly glowing altar of Pakellas.
  2436 | D:2      | Found a white marble altar of Elyvilon.
  2612 | D:2      | Noticed Crazy Yiuf
  2621 | D:2      | Killed Crazy Yiuf
  2621 | D:2      | Reached skill level 1 in Poison Magic
  2958 | D:3      | Reached skill level 6 in Transmutations
  2993 | D:3      | Reached XP level 5. HP: 7/37 MP: 6/8
  2994 | D:3      | Slain by an orc

Skill      XL: |  1  2  3  4 |
---------------+-------------+-----
Transmutations | 3 4 5 6 |  6.3
Poison Magic   | 1 |  1.8
Fighting       | |  1.1
Dodging        | |  2.6
Unarmed Combat | |  3.2
Spellcasting   | |  2.0

Action                   |  1- 3 |  4- 6 || total
-------------------------+-------+-------++-------
Melee: Unarmed           |   162 |    72 ||   234
       Headbutt          |    10 |       ||    10
       Punch             |     3 |     1 ||     4
 Cast: Beastly Appendage |    14 |     3 ||    17
       Spider Form       |       |     1 ||     1
 Stab: Sleeping          |     3 |       ||     3
  Eat: Chunk             |     4 |     1 ||     5
       Royal jelly       |       |     1 ||     1
Armor: Robe              |    24 |    14 ||    38
Dodge: Dodged            |    87 |    37 ||   124
